AoeStats
← hoisan

African Clearing

506714897Analyzed
4v4 RM · 19d ago on Sep 14, 2026· 36m 35s· 8 players
Game mode
Random Map
Map size
Large (8 player)
Population
200
Speed
Normal
Resources
Standard
Victory
Conquest
Starting age
Dark Age
Ending age
Imperial Age
RankedLock teamsTeams togetherTeam positionsShared explorationLock speedFull tech treeHidden civsTurbo modeCheats
Victory
Defeat
🇧🇷 Bohemians · Brazil
888
+14
🇨🇱 Armenians · Chile
881
+14
🇺🇸 Slavs · United States
873
+14
🇩🇪 Franks · Germany
870
+15
🇹🇷 Huns · Türkiye
922
-17
🇹🇷 Huns · Türkiye
888
-16
🇹🇷 Goths · Türkiye
804
-13
🇹🇷 Huns · Türkiye
745
-11
lokmanhekim02
10:11 Loom
14:07 Feudal Age
22:36 Castle Age
27:20 Marauders
llDraebu
7:02 Loom
15:54 Feudal Age
16:28 Double-Bit Axe
16:24 Horse Collar
18:38 Stone Mining
25:50 Castle Age
24:48 Gold Mining
hoisan
5:54 Loom
13:53 Feudal Age
14:44 Double-Bit Axe
16:07 Wheelbarrow
17:56 Scale Barding Armor
22:27 Horse Collar
23:31 Padded Archer Armor
23:23 Fletching
32:22 Castle Age
31:00 Bloodlines
Gus Fring9629
10:49 Loom
15:13 Feudal Age
keager241
3:35 Loom
15:54 Feudal Age
17:23 Wheelbarrow
16:33 Horse Collar
16:42 Double-Bit Axe
16:27 Man-at-Arms
24:37 Castle Age
23:29 Gold Mining
24:16 Stone Mining
25:33 Hand Cart
26:18 Heavy Plow
27:14 Bow Saw
32:18 Squires
33:32 Bloodlines
33:40 Husbandry
33:49 Detinets
33:58 Pikeman
BLONDYN
5:13 Loom
13:01 Feudal Age
13:35 Double-Bit Axe
17:56 Wheelbarrow
17:40 Gold Mining
17:42 Stone Mining
22:00 Castle Age
24:42 Bow Saw
28:09 Wheelbarrow
28:46 Forging
30:58 Husbandry
32:43 Hand Cart
32:42 Scale Mail Armor
33:57 Iron Casting
34:45 Chain Mail Armor
34:36 Scale Barding Armor
35:02 Fletching
35:40 Murder Holes
36:05 Ballistics
37:38 Gold Shaft Mining
GdM_DR. TV
5:26 Loom
13:13 Feudal Age
11:53 Loom
15:11 Man-at-Arms
16:05 Man-at-Arms
16:38 Horse Collar
16:53 Long Swordsman
18:36 Arson
19:29 Scale Mail Armor
23:44 Wheelbarrow
29:34 Castle Age
29:38 Two-Handed Swordsman
31:19 Fletching
33:06 Bodkin Arrow
33:23 Forging
34:26 Hand Cart
35:35 Squires
carlosauberto
4:47 Loom
15:56 Feudal Age
24:36 Double-Bit Axe
24:58 Fletching
25:48 Horse Collar
28:11 Arson
32:22 Castle Age
31:33 Padded Archer Armor
Connection lost

Rejoining the realm…

Still unreachable

The connection could not be restored.

Session expired

The server has moved on; the page needs a fresh start.